 Dungeon Crawl Stone Soup version 0.27-a0-74-gebd156f8b4 (webtiles) character file.

Game seed: 753679479098462425

27706 Mgcat the Nimble (level 13, 62/62 HPs)
             Began as a Felid Conjurer on July 24, 2020.
             Was an Elder of Vehumet.
             Quit the game on level 2 of the Orcish Mines on Jan 11, 2021.
             The game lasted 01:17:25 (26191 turns).

Mgcat the Nimble (Felid Conjurer)                  Turns: 26191, Time: 01:17:26

Health: 62/62      AC:  3    Str:  3    XL:     13   Next: 5%
Magic:  28/28      EV: 29    Int: 31    God:    Vehumet [****..]
Gold:   2279       SH:  0    Dex: 16    Spells: 20/32 levels left
                                        Lives:  1   Deaths: 2

rFire    . . .     SeeInvis +     - Unarmed
rCold    + . .     Faith    .   (shield unavailable)
rNeg     . . .     Spirit   .   (armour unavailable)
rPois    .         Reflect  .   (helmet unavailable)
rElec    .         Harm     .   (cloak unavailable)
rCorr    .         Rampage  .   (gloves unavailable)
Will     +....                  (boots unavailable)
Stlth    +++++.....             C - amulet of the acrobat
HPRegen  0.20/turn              B - +6 ring of intelligence
MPRegen  0.21/turn              s - ring of wizardry {Wiz+, !d}

@: quick
A: very small, no armour, no weapons or thrown items, stealth, claws 1, fangs 3,
see invisible, blink, clever 1, speed 1, shaggy fur 3, wild magic 1, MP-powered
wands, sharp paws
a: Blink, Renounce Religion


You were on level 2 of the Orcish Mines.
You worshipped Vehumet.
Vehumet was greatly pleased with you.
You visited 4 branches of the dungeon, and saw 20 of its levels.

You collected 2442 gold pieces.
You spent 163 gold pieces at shops.

Inventory:

Jewellery
 g - an uncursed ring of flight {+Fly, !d}
   (You found it on level 2 of the Dungeon)
 i - an uncursed ring of protection from cold {rC+, !d}
   (You found it on level 2 of the Dungeon)
 j - an uncursed ring of poison resistance {rPois, !d}
   (You found it on level 3 of the Dungeon)
 s - a ring of wizardry (right paw) {Wiz+, !d}
   (You took it off an orc on level 6 of the Dungeon)
 w - a +4 ring of protection
   (You found it on level 7 of the Dungeon)
 B - a +6 ring of intelligence (left paw)
   (You found it on level 9 of the Dungeon)
 C - an amulet of the acrobat (around neck)
   (You found it on level 3 of the Lair of Beasts)
Wands
 p - a wand of digging (8)
   (You found it on level 5 of the Dungeon)
 q - a wand of acid (14)
   (You found it on level 7 of the Dungeon)
 r - a wand of disintegration (14)
   (You found it on level 6 of the Dungeon)
 y - a wand of flame (7)
   (You found it on level 1 of the Lair of Beasts)
Scrolls
 e - 4 scrolls of magic mapping {!r}
 k - 5 scrolls of fear
 m - 11 scrolls of teleportation
 n - 8 scrolls of remove curse
 t - 2 scrolls of amnesia
 v - 2 scrolls of blinking {!r}
 A - 5 scrolls of identify
Potions
 a - 2 potions of brilliance
 c - a potion of cancellation
 d - 2 potions of mutation {!q}
 f - 8 potions of curing
 h - 6 potions of heal wounds
 l - 6 potions of lignification {!q}
 o - 6 potions of ambrosia
 u - a potion of berserk rage {!q}
 x - 4 potions of haste
 z - a potion of might
 D - 2 potions of flight
Comestibles
 b - 45 removed foods


   Skills:
 + Level 10.4 Fighting
 + Level 13.3 Dodging
 - Level 9.0 Stealth
 - Level 5.0 Unarmed Combat
 + Level 10.4 Spellcasting
 + Level 10.9 Conjurations
 - Level 7.0 Hexes
 + Level 7.7 Fire Magic
 - Level 5.0 Evocations


You had 20 spell levels left.
You knew the following spells:

 Your Spells              Type           Power        Failure   Level
a - Magic Dart            Conj           100%         1%          1
b - Searing Ray           Conj           100%         1%          2
c - Fulminant Prism       Conj/Hex       38%          1%          4
d - Fireball              Conj/Fire      38%          1%          5

Your spell library contained the following spells:

 Spells                   Type           Power        Failure   Level
 Bolt of Magma            Conj/Fire/Erth 31%          1%          5
 Corona                   Hex            74%          1%          1
 Foxfire                  Conj/Fire      100%         1%          1
 Ensorcelled Hibernation  Hex/Ice        98%          1%          2
 Confusing Touch          Hex            67%          1%          3
 Conjure Flame            Conj/Fire      77%          1%          3
 Dazzling Flash           Conj/Hex       100%         1%          3
 Inner Flame              Hex/Fire       69%          1%          3
 Tukima's Dance           Hex            67%          1%          3
 Iskenderun's Mystic Bla  Conj/Tloc      60%          1%          4
 Sticky Flame             Conj/Fire      77%          1%          4


Dungeon Overview and Level Annotations

Branches:
Dungeon (11/15)            Temple (1/1) D:6            Lair (6/6) D:10
 Shoals (0/4) Lair:4       Spider (0/4) Lair:4        Slime (0/5) Lair:6
    Orc (2/2) D:9             Elf (0/3) Orc:2

Altars:
Ashenzari
Cheibriados
Dithmenos
Elyvilon
Fedhas
Hepliaklqana
Kikubaaqudgha
Makhleb
Nemelex Xobeh
Okawaru
Qazlal
Sif Muna
Trog
Uskayaw
Vehumet
Wu Jian
Xom
Yredelemnul
Zin
The Shining One
Jiyva

Shops:
Orc:1 =?

Annotations:
D:7 1 exclusion
D:9 Harold
Lair:1 1 exclusion
Lair:4 2 transporters, Cakiepeg's ghost, journeyman DDGl
Lair:6 3 runed translucent doors, Una Mij's ghost, journeyman DDFi
Orc:2 Saint Roka


Innate Abilities, Weirdness & Mutations

You cannot wear armour.
You are incapable of wielding weapons or throwing items.
Your paws allow you to move quietly. (Stealth)
You have sharp claws.
You have razor-sharp teeth.
You have supernaturally acute eyesight. (SInv)
You cover ground quickly.
Your thick and shaggy fur keeps you warm. (AC +3, rC+)
Your sharp claws are effective at attacking unaware monsters.
You can translocate small distances at will.
Your mind is acute. (Int +2)
Your spells are a little harder to cast, but a little more powerful.
You expend magic power (3 MP) to strengthen your wands.


Message History

There is a stone staircase leading down here.
You take 19 damage, and have 47/66 hp.
MASSIVE DAMAGE!!
Casting: Fireball (dangerous; 1% risk of failure)
Confirm with . or Enter, or press ? or * to list all spells.
Press: ? - help, Shift-Dir - straight line The fireball explodes!
The fireball engulfs the troll!!!
You kill the troll!
Vehumet accepts your kill.
You feel your power returning.
The troll leather armour is intact enough to wear.
The fireball engulfs the ogre!!
You kill the ogre!
Vehumet accepts your kill.
You feel your power returning.
The fireball engulfs the two-headed ogre!
The two-headed ogre is moderately wounded.
You now have 27/29 mp.
Casting: Fireball (dangerous; 1% risk of failure)
Confirm with . or Enter, or press ? or * to list all spells.
Aiming: Fireball (dangerous; 1% risk of failure)
Press: ? - help, Shift-Dir - straight line The fireball explodes!
The fireball engulfs the two-headed ogre!!
The two-headed ogre is almost dead.
The two-headed ogre completely misses you. x2
You now have 22/29 mp.
Casting: Fireball (dangerous; 1% risk of failure)
Confirm with . or Enter, or press ? or * to list all spells.
Aiming: Fireball (dangerous; 1% risk of failure)
Press: ? - help, Shift-Dir - straight line The fireball explodes!
The fireball engulfs the two-headed ogre!!
You kill the two-headed ogre!
Vehumet accepts your kill.
You feel your power returning.
You now have 20/29 mp.
You start resting.
Magic restored.
HP restored.
You regained 8 hp, and now have 56/66 hp.
You regained 8 mp, and now have 28/29 mp.
You start resting.
Magic restored.
MP restored: 29
Things that are here:
a +0 giant spiked club; an ogre corpse
There is a stone staircase leading down here.
You start resting.
HP restored.
Health restored: 66 You climb downwards.
Level annotation: Saint Roka The two-headed ogre barely misses you.
The two-headed ogre misses you.
An ogre mage comes into view. It is wielding a +0 halberd.
There is a stone staircase leading up, spattered with blood here.
Warning x2: The ogre mage (wandering) might cast banishment, paralyse, or LCS! x2
Casting: Fireball (dangerous; 1% risk of failure)
Confirm with . or Enter, or press ? or * to list all spells.
Aiming: Fireball (dangerous; 1% risk of failure)
Press: ? - help, Shift-Dir - straight line The fireball explodes!
The fireball engulfs the two-headed ogre!!
The two-headed ogre is moderately wounded.
The ogre mage shouts! x2
The two-headed ogre hits you with a +0 giant club!! x2
You take 42 damage, and have 24/66 hp.
MASSIVE DAMAGE!!
You now have 24/29 mp.
Warning x2: The ogre mage might cast banishment, paralyse, or LCS! x2
Casting: Fireball (dangerous; 1% risk of failure)
Confirm with . or Enter, or press ? or * to list all spells.
Aiming: Fireball (dangerous; 1% risk of failure)
Press: ? - help, Shift-Dir - straight line The fireball explodes!
The fireball engulfs the two-headed ogre!!
The two-headed ogre is severely wounded.
You hear a shout! x2; You hear two shouts!
You hear a shout! x3
You hear two shouts!
The ogre mage casts a spell at the two-headed ogre.
The two-headed ogre seems to speed up.
The two-headed ogre hits you with a +0 giant club!!
Ouch! That really hurt!
You die...
The two-headed ogre completely misses you.
You are now level 13!
You rejoin the land of the living...
Health restored: 62; MP restored: 28 Saving game... please wait.
Level annotation: Saint Roka Options error: Bad object type '%}\|' for autopickup. (~/.crawlrc:1972) Welcome back, Mgcat the Felid Conjurer.
Vehumet says: Let it end in hellfire!
Press ? for a list of commands and other information.
Saving game... please wait.
Level annotation: Saint Roka Options error: Bad object type '%}\|' for autopickup. (~/.crawlrc:1972) Welcome back, Mgcat the Felid Conjurer.
Vehumet says: Let it end in hellfire!
Press ? for a list of commands and other information.
Are you sure you want to abandon this character and quit the game? (Confirm with "yes".)

## #..
##.##
###$...##
###
#.......#
..## #..@#
...#
#.....#
...## #
#...#...##
...##.#
... #...#
#....... .
##...
........
##.#
........
#.#
...#....
..$
........


There were no monsters in sight!

Vanquished Creatures
  Gastronok (D:8)
  A dire elephant (Lair:6)
  Snorg (Lair:5)
  Josephine (Lair:6)
  5 hydras
  4 two-headed ogres
  A queen ant (Lair:2)
  An anaconda (Lair:6)
  Urug (Lair:1)
  An unseen horror (D:11)
  A wizard (D:10)
  A lindwurm (Lair:6)
  3 oklob plants
  2 ugly things
  2 orc sorcerers (Orc:1)
  8 elephants
  4 black mambas
  A merfolk siren (Lair:4)
  12 cane toads
  3 rime drakes
  3 komodo dragons
  A queen bee (Lair:3)
  5 trolls
  12 blink frogs
  12 dream sheep
  5 removed hippogriffs
  A slime creature (D:7)
  3 redbacks (Lair:4)
  4 wyverns
  5 wraiths (Lair:6)
  3 basilisks
  28 yaks
  8 soldier ants
  Edmund (D:4)
  3 wargs
  9 water moccasins
  Duvessa (D:4)
  6 removed porcupines
  4 ice beasts
  8 orc warriors
  3 sky beasts
  2 black bears
  2 phantoms
  4 centaurs
  2 wolves
  14 ogres
  11 removed crocodiles
  4 big kobolds (D:8)
  15 bullfrogs
  4 scorpions
  2 wyvern skeletons
  Dowan (D:4)
  6 wights
  35 killer bees
  2 howler monkeys
  An electric eel (Lair:1)
  4 bullfrog zombies
  A centaur zombie (D:7)
  A quasit (D:10)
  2 jellies
  A bullfrog skeleton (D:4)
  5 orc priests
  9 hounds
  10 orc wizards
  2 centaur skeletons
  Ijyb (D:3)
  Terence (D:3)
  26 worker ants
  Natasha (thrice) (D:2)
  4 iguanas
  A hound zombie (D:7)
  Robin (D:4)
  A howler monkey zombie (D:7)
  14 adders
  7 gnolls
  A white imp (D:10)
  3 ufetubi
  2 adder zombies (D:8)
  An adder skeleton (D:4)
  2 worms
  A dart slug (D:1)
  2 leopard geckos
  33 orcs
  3 giant cockroaches (D:3)
  15 goblins
  9 hobgoblins
  8 jackals
  5 quokkas
  3 ball pythons
  4 bats
  3 frilled lizards
  6 kobolds
  A leopard gecko zombie (D:8)
  A quokka skeleton (D:7)
  6 rats
  3 bushes
  A fungus (Lair:5)
  3 plants
494 creatures vanquished.

Vanquished Creatures (others)
  A worm (D:2)
  A bush (Lair:5)
  69 fulminant prisms
  13 fungi
  10 plants
94 creatures vanquished.

Grand Total: 588 creatures vanquished

Notes
Turn   | Place    | Note
-------+----------+-------------------------------------------
     0 | D:1      | Mgcat the Felid Conjurer began the quest for the Orb.
     0 | D:1      | Reached XP level 1. HP: 7/7 MP: 4/4
   147 | D:1      | Reached skill level 3 in Stealth
   242 | D:1      | Reached XP level 2. HP: 11/11 MP: 1/6
   246 | D:1      | Learned a level 2 spell: Searing Ray
   361 | D:1      | You fall into a shaft and drop 1 floor!
   492 | D:2      | Noticed Natasha
   590 | D:2      | Reached XP level 3. HP: 14/14 MP: 4/7
   730 | D:2      | Reached skill level 4 in Conjurations
  1339 | D:3      | Gained mutation: You are weak. (Str -2) [potion of
                  | mutation]
  1339 | D:3      | Gained mutation: You are somewhat resistant to further
                  | mutation. [potion of mutation]
  1364 | D:3      | Noticed Terence
  1463 | D:3      | Found a glowing drain.
  1466 | D:3      | Reached skill level 4 in Stealth
  1610 | D:3      | Reached XP level 4. HP: 18/18 MP: 3/9
  1616 | D:3      | Learned a level 4 spell: Fulminant Prism
  1748 | D:2      | Killed Natasha
  1748 | D:2      | Reached skill level 3 in Spellcasting
  1914 | D:2      | Noticed Natasha
  1921 | D:2      | Killed Natasha
  1921 | D:2      | Reached skill level 1 in Hexes
  1995 | D:2      | Noticed Natasha
  2005 | D:2      | Killed Natasha
  2005 | D:2      | Reached XP level 5. HP: 9/21 MP: 3/10
  2222 | D:3      | Noticed a centaur
  2391 | D:3      | Noticed Ijyb
  2453 | D:4      | Reached skill level 2 in Hexes
  2511 | D:4      | Noticed a phantom
  2546 | D:4      | Reached skill level 5 in Stealth
  2598 | D:4      | Noticed a black bear
  2607 | D:4      | Killed a black bear
  2607 | D:4      | Reached skill level 3 in Hexes
  2607 | D:4      | Gained mutation: You are covered in thick fur. (AC +2)
                  | [Felid growth]
  2607 | D:4      | Reached XP level 6. HP: 24/24 MP: 7/12
  2857 | D:4      | Noticed Edmund
  2945 | D:4      | Noticed Dowan
  2950 | D:4      | Noticed Duvessa
  2968 | D:5      | Entered Level 5 of the Dungeon
  3194 | D:5      | Reached skill level 4 in Spellcasting
  3194 | D:5      | Reached skill level 5 in Conjurations
  3194 | D:5      | Reached skill level 4 in Hexes
  3285 | D:5      | Reached XP level 7. HP: 27/27 MP: 4/14
  3687 | D:3      | Reached skill level 3 in Dodging
  3766 | D:3      | Reached skill level 5 in Hexes
  3766 | D:3      | Reached skill level 1 in Fighting
  3874 | D:3      | Killed Ijyb
  3908 | D:3      | Killed Terence
  4342 | D:4      | Reached skill level 2 in Fighting
  4342 | D:4      | Reached skill level 4 in Dodging
  4485 | D:4      | Killed Dowan
  4485 | D:4      | Reached XP level 8. HP: 14/33 MP: 1/16
  4485 | D:4      | Reached skill level 5 in Spellcasting
  4489 | D:4      | Noticed Robin
  4492 | D:4      | Killed Duvessa
  4505 | D:4      | Killed Robin
  4505 | D:4      | Reached skill level 6 in Conjurations
  4529 | D:4      | Found a burning altar of Makhleb.
  4621 | D:4      | Killed Edmund
  4621 | D:4      | Reached skill level 5 in Dodging
  4625 | D:4      | Reached skill level 3 in Fighting
  5219 | D:6      | Reached skill level 6 in Dodging
  5246 | D:6      | Found a shattered altar of Ashenzari.
  5247 | D:6      | Found an iron altar of Okawaru.
  5249 | D:6      | Found a shimmering blue altar of Sif Muna.
  5249 | D:6      | Found a hazy altar of Hepliaklqana.
  5249 | D:6      | Found a hide-covered altar of Uskayaw.
  5256 | D:6      | Found a bloodstained altar of Trog.
  5256 | D:6      | Found a shimmering altar of Xom.
  5257 | D:6      | Found a blossoming altar of Fedhas.
  5424 | D:6      | Reached skill level 4 in Fighting
  5477 | D:6      | Reached XP level 9. HP: 35/39 MP: 10/18
  5660 | D:6      | Found a staircase to the Ecumenical Temple.
  5857 | D:7      | Reached skill level 6 in Spellcasting
  5958 | D:7      | Reached skill level 6 in Hexes
  6417 | D:7      | Reached skill level 7 in Dodging
  6417 | D:7      | Reached skill level 7 in Conjurations
  6617 | Temple   | Entered the Ecumenical Temple
  6671 | Temple   | Became a worshipper of Vehumet
  6701 | D:6      | Upgraded the game from 0.26-a0-259-g1effd001a9 to
                  | 0.26-a0-466-g989023bd0d
  6810 | D:4      | Upgraded the game from 0.26-a0-466-g989023bd0d to
                  | 0.26-a0-540-g8a0c9464d7
  7007 | D:6      | Reached skill level 5 in Fighting
  7007 | D:6      | Reached skill level 7 in Hexes
  7741 | D:7      | Reached skill level 8 in Dodging
  7814 | D:7      | Found a white marble altar of Elyvilon.
  8074 | D:7      | Noticed a two-headed ogre
  8083 | D:7      | Reached * piety under Vehumet
  8083 | D:7      | Offered knowledge of Shock by Vehumet.
  8091 | D:7      | Killed a two-headed ogre
  8091 | D:7      | Reached skill level 7 in Spellcasting
  8091 | D:7      | Reached XP level 10. HP: 45/45 MP: 1/21
  8327 | D:7      | Identified a scroll of acquirement
  8327 | D:7      | Acquired a book of Flames
  8337 | D:7      | Learned a level 5 spell: Fireball
  8556 | D:7      | Reached skill level 6 in Fighting
  8556 | D:7      | Reached skill level 6 in Stealth
  8803 | D:8      | Reached skill level 1 in Fire Magic
  9140 | D:8      | Reached skill level 8 in Conjurations
  9254 | D:8      | Reached skill level 9 in Dodging
  9257 | D:8      | Noticed a brown ugly thing
  9486 | D:8      | Noticed a two-headed ogre
  9496 | D:8      | Killed a two-headed ogre
  9496 | D:8      | Reached skill level 7 in Stealth
  9496 | D:8      | Reached skill level 2 in Fire Magic
  9703 | D:8      | Killed a brown ugly thing
  9997 | D:8      | Noticed a two-headed hydra
 10050 | D:8      | Killed a two-headed hydra
 10050 | D:8      | Reached ** piety under Vehumet
 10050 | D:8      | Reached XP level 11. HP: 49/49 MP: 5/23
 10184 | D:8      | Noticed Gastronok
 10194 | D:8      | Killed from afar by Gastronok
 10195 | D:8      | Reached XP level 10. HP: -16/46 MP: 3/22
 10224 | D:8      | HP: 7/46 [Gastronok/the air (25)]
 10226 | D:8      | Killed Gastronok
 10226 | D:8      | Reached skill level 7 in Fighting
 10226 | D:8      | Reached skill level 8 in Stealth
 10226 | D:8      | Reached skill level 8 in Spellcasting
 10226 | D:8      | Reached skill level 3 in Fire Magic
 10501 | D:8      | Offered knowledge of Freeze by Vehumet.
 10742 | D:9      | Reached skill level 10 in Dodging
 10753 | D:9      | Got a crude steel ring
 10755 | D:9      | Identified the ring of Lefut {Ice Int+3} (You found it on
                  | level 9 of the Dungeon)
 11035 | D:9      | Found a staircase to the Orcish Mines.
 11110 | D:9      | Noticed Harold
 11448 | D:10     | Entered Level 10 of the Dungeon
 11479 | D:10     | Noticed a wizard
 11487 | D:10     | Killed a wizard
 11679 | D:9      | Lost mutation: You are weak. (Str -2) [potion of mutation]
 11679 | D:9      | Lost mutation: You are somewhat resistant to further
                  | mutation. [potion of mutation]
 11679 | D:9      | Gained mutation: You expend magic power (3 MP) to
                  | strengthen your wands. [potion of mutation]
 11679 | D:9      | Gained mutation: Your spells are a little harder to cast,
                  | but a little more powerful. [potion of mutation]
 11679 | D:9      | Gained mutation: You can translocate small distances at
                  | will. [potion of mutation]
 11679 | D:9      | Gained mutation: Your mind is acute. (Int +2) [potion of
                  | mutation]
 12003 | D:10     | Found a staircase to the Lair.
 12031 | D:10     | Reached XP level 11. HP: 50/50 MP: 10/24
 12242 | D:10     | Reached skill level 1 in Evocations
 12243 | D:10     | Noticed a two-headed ogre
 12863 | D:10     | Killed a two-headed ogre
 12863 | D:10     | Reached skill level 9 in Stealth
 12863 | D:10     | Reached skill level 4 in Fire Magic
 13454 | D:11     | Offered knowledge of Mephitic Cloud by Vehumet.
 13454 | D:11     | Reached skill level 9 in Conjurations
 13479 | D:11     | Noticed an unseen horror
 13491 | D:11     | Killed an unseen horror
 13491 | D:11     | Reached skill level 2 in Evocations
 13525 | D:11     | Noticed a green ugly thing
 13536 | D:11     | Killed a green ugly thing
 13536 | D:11     | Reached skill level 1 in Unarmed Combat
 13836 | D:11     | Reached *** piety under Vehumet
 14061 | Lair:1   | Entered Level 1 of the Lair of Beasts
 14068 | Lair:1   | Reached skill level 8 in Fighting
 14227 | Lair:1   | Reached skill level 2 in Unarmed Combat
 14227 | Lair:1   | Reached skill level 3 in Evocations
 14238 | Lair:1   | Noticed Urug
 14244 | Lair:1   | Killed Urug
 14285 | Lair:1   | Offered knowledge of Airstrike by Vehumet.
 14314 | Lair:1   | Reached skill level 11 in Dodging
 14864 | Lair:1   | Noticed a fire dragon
 15229 | Lair:2   | Reached skill level 5 in Fire Magic
 15430 | Lair:2   | Noticed a queen ant
 15435 | Lair:2   | Reached **** piety under Vehumet
 15435 | Lair:2   | Gained mutation: Your thick and shaggy fur keeps you warm.
                  | (AC +3, rC+) [Felid growth]
 15435 | Lair:2   | Reached XP level 12. HP: 56/56 MP: 17/25
 15456 | Lair:2   | HP: 9/56 [poisoned by a queen ant]
 15461 | Lair:2   | HP: 11/56 [soldier ant (8)]
 15752 | Lair:2   | Killed a queen ant
 15752 | Lair:2   | Reached skill level 3 in Unarmed Combat
 15907 | Lair:2   | Reached skill level 4 in Evocations
 16043 | Lair:2   | Reached skill level 9 in Spellcasting
 16146 | Lair:2   | Offered knowledge of Irradiate by Vehumet.
 17974 | Lair:3   | Noticed an eight-headed hydra
 17978 | Lair:3   | Killed an eight-headed hydra
 17978 | Lair:3   | Reached skill level 4 in Unarmed Combat
 18275 | Lair:3   | Reached skill level 9 in Fighting
 18288 | Lair:2   | Reached skill level 5 in Evocations
 18795 | Lair:2   | HP: 9/57 [hippogriff (8)]
 19174 | Lair:3   | Reached skill level 6 in Fire Magic
 19477 | Lair:3   | Reached skill level 10 in Conjurations
 19497 | Lair:3   | Reached skill level 12 in Dodging
 19560 | Lair:3   | Reached ***** piety under Vehumet
 19961 | Lair:3   | Offered knowledge of Bolt of Magma by Vehumet.
 20207 | Lair:3   | Reached XP level 13. HP: 60/60 MP: 16/27
 20601 | Lair:4   | Found a hole to the Spider Nest.
 20648 | Lair:4   | Reached skill level 5 in Unarmed Combat
 20785 | Lair:4   | Found a transporter.
 21058 | Lair:4   | Found a staircase to the Shoals.
 21302 | Lair:4   | Found a transporter.
 21307 | Lair:4   | Noticed Cakiepeg's ghost (journeyman DDGl)
 22103 | Lair:5   | You fall into a shaft and drop 1 floor!
 22103 | Lair:6   | Entered Level 6 of the Lair of Beasts
 22154 | Lair:6   | HP: 14/60 [cane toad (19)]
 22159 | Lair:6   | HP: 10/61 [poisoned by a cane toad]
 22165 | Lair:6   | HP: 7/61 [poisoned by a cane toad]
 22171 | Lair:6   | HP: 5/61 [poisoned by a cane toad]
 22179 | Lair:6   | HP: 5/61 [poisoned by a cane toad]
 22187 | Lair:6   | HP: 5/61 [poisoned by a cane toad]
 22704 | Lair:5   | Noticed Snorg
 22709 | Lair:5   | Killed Snorg
 23328 | Lair:6   | Reached skill level 10 in Spellcasting
 23556 | Lair:6   | Reached skill level 7 in Fire Magic
 23657 | Lair:6   | Found a runed translucent gate.
 23658 | Lair:6   | Found a runed translucent gate.
 23691 | Lair:5   | Reached skill level 10 in Fighting
 23996 | Lair:6   | Found a viscous altar of Jiyva.
 23996 | Lair:6   | Found a staircase to the Slime Pits.
 24015 | Lair:6   | Noticed Josephine
 24018 | Lair:6   | Killed Josephine
 24018 | Lair:6   | Reached skill level 13 in Dodging
 24380 | Lair:6   | Found a runed translucent gate.
 24477 | Lair:6   | Noticed Una Mij's ghost (journeyman DDFi)
 24946 | Lair:6   | Noticed a dire elephant
 24946 | Lair:6   | Noticed a dire elephant
 24981 | Lair:6   | Noticed a dire elephant
 24982 | Lair:6   | Noticed a dire elephant
 25162 | Lair:6   | Noticed a dire elephant
 25164 | Lair:6   | Killed a dire elephant
 25379 | Orc:1    | Entered Level 1 of the Orcish Mines
 25379 | Orc:1    | Found Yruonas's Jewellery Shop.
 25600 | Orc:1    | Bought a cursed ring of teleportation for 58 gold pieces
 25752 | Orc:1    | Found His Ewes's Magic Scroll Boutique.
 25758 | Orc:1    | Reached XP level 14. HP: 66/66 MP: 22/29
 25784 | Orc:1    | Bought a scroll of identify for 28 gold pieces
 25784 | Orc:1    | Bought a scroll of magic mapping for 49 gold pieces
 25784 | Orc:1    | Bought a scroll of identify for 28 gold pieces
 25885 | Orc:2    | Entered Level 2 of the Orcish Mines
 25913 | Orc:2    | Found a staircase to the Elven Halls.
 25916 | Orc:2    | Noticed Saint Roka
 26190 | Orc:2    | Mangled by a two-headed ogre
 26191 | Orc:2    | Reached XP level 13. HP: -8/62 MP: 19/28
 26191 | Orc:2    | Upgraded the game from 0.26-a0-540-g8a0c9464d7 to
                  | 0.27-a0-74-gebd156f8b4
 26191 | Orc:2    | Quit the game

Illustrated notes

Levels and vault maps discovered:
D:1:      dpeg_arrival_chambers_temple_mockup, layout_rooms, st_stairs_1,
          minmay_pentomino_o2
D:2:      layout_basic, lemuel_flame_loot_1, uniq_natasha
D:3:      layout_rooms, first_ration, portal_sewer_entry_f, uniq_terence,
          uniq_ijyb
D:4:      layout_rooms, makhleb_blood_cavern_becter, uniq_robin, uniq_duvessa,
          uniq_edmund
D:5:      layout_rooms
D:6:      layout_basic, grunt_temple_overflow_open,
          minmay_temple_entry_from_below_b, skrybe_limestone_x
D:7:      minmay_the_grid_octo_tiled_squarecenter
          [minmay_the_grid_octo_vomiting_pacman, minmay_the_grid_octo_clover_2,
          minmay_the_grid_octo_pinwheel, minmay_the_grid_octo_toaster,
          minmay_the_grid_square_5x5_megaprize_hollow,
          minmay_the_grid_square_5x5_minimal,
          minmay_the_grid_square_5x5_two_walls_b,
          minmay_the_grid_square_5x5_misaligned,
          minmay_the_grid_square_5x5_two], layout_basic,
          chequers_serial_rivers_small_3
D:8:      layout_layer_cave, hangedman_ranch [blue_anna_fruit_fields],
          minmay_between, uniq_gastronok
D:9:      layout_irregular_city, orc_0_dummy, eino_curves_03, uniq_harold
D:10:     layout_layer_cave, erik_lair_orcish_takeover
D:11:     layout_gridville, minmay_misc_feat_tiny
Temple:   nicolae_temple_god_jail
Lair:1:   dragon1_lemuel, layout_misc_corridors, guppyfry_lair_drakes,
          infiniplex_staircase_pool_2, uniq_urug
Lair:2:   layout_layer_cave, zaba_antful_of_joy
Lair:3:   regret_index_harrowing_hell_hive, layout_cave_pods
Lair:4:   layout_cave_pods, minmay_shoals_entry_lonely_mermaid,
          spider_nest_entry_webs, gammafunk_ghost_berserking_beasts
Lair:5:   layout_regular_city, minmay_lair_oklob_bushes, grunt_megastairs_5,
          lemuel_fruit_fields, serial_bayou_shore_a, lemuel_fruit_tree,
          uniq_snorg
Lair:6:   due_jungle_book, layout_long_grid, dpeg_slime_entry_enclosed_altar,
          gammafunk_ghost_hydra_chop, chequers_serial_rivers_micro_a,
          uniq_josephine
Orc:1:    nicolae_orc_accident_3, layout_caves, serial_shops, shop, shop, shop,
          shop
Orc:2:    st_orc_ogre_mass, layout_caves, gammafunk_ghost_necromancy, trog_book,
          uniq_saint_roka

Skill      XL: |  1  2  3  4  5  6  7  8  9 10 11 12 13 |
---------------+----------------------------------------+-----
Stealth        | 3 4 5 8 9 |  9.0
Conjurations   | 4 5 6 7 8 9 10 | 10.9
Spellcasting   | 3 4 5 7 8 9 10 | 10.4
Hexes          | 1 3 4 5 7 |  7.0
Dodging        | 4 6 8 10 11 12 13 | 13.3
Fighting       | 2 4 5 7 8 9 10 | 10.4
Fire Magic     | 3 5 6 7 |  7.7
Evocations     | 3 5 |  5.0
Unarmed Combat | 2 4 5 |  5.0

Action                   |  1- 3 |  4- 6 |  7- 9 | 10-12 | 13-15 || total
-------------------------+-------+-------+-------+-------+-------++-------
Melee: Unarmed           |     2 |       |    23 |    40 |    18 ||    83
       Bite              |       |       |       |     6 |     2 ||     8
       Punch             |       |       |       |       |     1 ||     1
 Cast: Magic Dart        |    69 |    39 |   119 |   232 |    15 ||   474
       Searing Ray       |       |     9 |    52 |   114 |    15 ||   190
       Fulminant Prism   |       |     4 |    22 |    39 |     4 ||    69
       Fireball          |       |       |       |   124 |   127 ||   251
 Abil: Blink             |       |       |       |     8 |       ||     8
Evoke: Wand              |       |       |       |     8 |     7 ||    15
  Use: Scroll            |     7 |     2 |     8 |     9 |     3 ||    29
       Potion            |     1 |       |     3 |     4 |       ||     8
  Eat: Removed food      |       |     1 |     2 |       |       ||     3
Armor: Skin              |     1 |     1 |    20 |    14 |     1 ||    37
Dodge: Dodged            |     9 |     6 |    66 |   256 |    84 ||   421

Table legend: (Time is in decaauts)
 A = Elapsed time spent in this place.
 B = Non-inter-level travel time spent in this place.
 C = Inter-level travel time spent in this place.
 D = Time resting spent in this place.
 E = Time spent auto-exploring this place.
 F = Levels seen in this place.
 G = Mean time per level.
                   A        B        C        D        E       F      G
               +--------+--------+--------+--------+--------+-----+--------+
         Total |  23629 |  22249 |   1380 |   7068 |  12329 |  20 | 1181.4 |
       Dungeon |  12665 |  11852 |    813 |   3164 |   6963 |  11 | 1151.4 |
        Temple |     69 |     64 |      5 |      0 |     39 |   1 |   69.0 |
          Lair |  10272 |   9755 |    517 |   3660 |   5080 |   6 | 1712.0 |
  Orcish Mines |    621 |    576 |     45 |    244 |    245 |   2 |  310.5 |
               +--------+--------+--------+--------+--------+-----+--------+

Top non-repeatable levels by time:
  Lair:2: 2295 daAuts
  Lair:3: 1978 daAuts
  Lair:5: 1758 daAuts
  Lair:6: 1716 daAuts
     D:8: 1682 daAuts
  Lair:1: 1465 daAuts
     D:7: 1202 daAuts
     D:9: 1188 daAuts
  Lair:4: 1058 daAuts
    D:10: 1058 daAuts
    D:11: 919 daAuts
     D:6: 656 daAuts
   Orc:1: 590 daAuts
     D:5: 65 daAuts
   Orc:2: 31 daAuts
Note: time per level data comes from an upgraded game and may be incomplete.

Table legend:
 A = Kills in this place as a percentage of kills in entire the game.
 B = Kills by you in this place as a percentage of kills by you in the entire game.
 C = Kills by friends in this place as a percentage of kills by friends in the entire game.
 D = Other kills in this place as a percentage of other kills in the entire game.
 E = Experience gained in this place as a percentage of experience gained in the entire game.
 F = Experience gained in this place divided by the number of levels of this place that you have seen.
                   A       B       C       D       E      F
               +-------+-------+-------+-------+-------+----------------------
         Total | 100.0 | 100.0 |   N/A |   N/A | 100.0 | 3630.7
       Dungeon |  53.6 |  53.6 |   N/A |   N/A |  29.2 | 1925.6
          Lair |  41.7 |  41.7 |   N/A |   N/A |  66.3 | 8021.7
  Orcish Mines |   4.7 |   4.7 |   N/A |   N/A |   4.5 | 1651.0
               +-------+-------+-------+-------+-------+----------------------
